AoeStats
← Rodrigo Lao Tse

Glade

510367355Analyzed
1v1 RM · 2d ago on Sep 30, 2026· 37m 11s· 2 players
Game mode
Random Map
Map size
Tiny (2 player)
Population
200
Speed
Normal
Resources
Standard
Victory
Conquest
Starting age
Dark Age
Ending age
Imperial Age
RankedLock teamsTeams togetherTeam positionsShared explorationLock speedFull tech treeHidden civsTurbo modeCheats
Victory
Defeat
🇨🇱 Britons · Chile
801
+18
🇪🇸 Lithuanians · Spain
835
-18
Rodrigo Lao Tse
5:08 Loom
10:19 Feudal Age
11:04 Double-Bit Axe
11:28 Horse Collar
19:07 Castle Age
17:33 Gold Mining
17:34 Stone Mining
19:30 Wheelbarrow
19:31 Pikeman
23:32 Town Watch
24:03 Hand Cart
24:50 Fletching
26:42 Bow Saw
32:15 Bodkin Arrow
32:43 Yeomen
39:06 Imperial Age
Perro Sanchez HDP
5:07 Loom
12:24 Feudal Age
17:59 Castle Age
15:51 Double-Bit Axe
16:16 Stone Mining
19:08 Gold Mining
29:10 Imperial Age
27:51 Bloodlines
27:41 Horse Collar
28:43 Wheelbarrow
29:11 Husbandry
29:20 Heavy Plow
29:46 Scale Barding Armor
29:52 Forging
37:49 Bow Saw
Connection lost

Rejoining the realm…

Still unreachable

The connection could not be restored.

Session expired

The server has moved on; the page needs a fresh start.